[Event "Titled Tuesday Blitz April 12 Early 2022"]
[White "Svane, Rasmus"]
[Black "Palachev, Petr"]
[WhiteFideId "4657101"]
[BlackFideId "24129003"]
[WhiteElo "2645"]
[BlackElo "2339"]
[Result "1-0"]
[Round "07"]
[TimeControl "180+1"]
[Date "2022.04.12"]
[WhiteClock "0:01:16"]
[BlackClock "0:00:02"]

1. Nf3 d5 2. g3 g6 3. Bg2 Bg7 4. d4 c6 5. O-O Nf6 6. c3 O-O 7. Re1 Bf5 8. Nbd2 a5 9. Nh4 Be6 10. e4 dxe4 11. Nxe4 Nxe4 12. Bxe4 Bd5 13. Bxd5 cxd5 14. Nf3 Nc6 15. a4 Qb6 16. h4 h5 17. Re2 Rfe8 18. Bf4 e6 19. Qd3 Qa6 20. Qb5 Rac8 21. Ra3 Bf8 22. Rb3 Qxb5 23. Rxb5 Re7 24. Ne5 Nxe5 25. Bxe5 Ra8 26. Bd6 Rd7 27. Bxf8 Kxf8 28. Re1 Ra6 29. Ra1 b6 30. Kg2 Ke7 31. f3 Rd6 32. Kf2 Rc6 33. Ke3 Ra8 34. Kd3 Kd6 35. Rc1 f6 36. b3 Rac8 37. c4 R8c7 38. Rc3 Rc8 39. Rxb6 Rxb6 40. c5+ Kc6 41. cxb6+ Kb7 42. Rxc8 Kxc8 43. f4 Kb7 44. Kc3 Kxb6 45. b4 Ka6 46. bxa5 Kxa5 47. Kb3 Ka6 48. Kb4 Kb6 49. a5+ Kc6 50. Ka4 f5 51. Kb4 1-0


[Site "https://www.chess.com"]

[Event "Titled Tuesday Blitz April 12 Early 2022"]
[White "Sychev, Klementy"]
[Black "Caruana, Fabiano"]
[WhiteFideId "4114060"]
[BlackFideId "2020009"]
[WhiteElo "2564"]
[BlackElo "2744"]
[Result "0-1"]
[Round "07"]
[TimeControl "180+1"]
[Date "2022.04.12"]
[WhiteClock "0:00:02"]
[BlackClock "0:00:32"]

1. d4 d5 2. c4 e6 3. Nf3 Nf6 4. Nc3 c6 5. g3 dxc4 6. Bg2 Nbd7 7. O-O a5 8. e3 b5 9. Nd2 Nd5 10. a4 b4 11. Nce4 Ba6 12. Re1 Be7 13. Bf1 f5 14. Nc5 Nxc5 15. dxc5 c3 16. Nb3 Bxf1 17. Kxf1 Bf6 18. e4 fxe4 19. Rxe4 O-O 20. Qe2 Qd7 21. Rb1 cxb2 22. Bxb2 Bxb2 23. Rxb2 Nc3 24. Rd4 Qf7 25. Qe3 e5 26. Rd6 Nxa4 27. Rbd2 Nc3 28. Rd7 Qxb3 29. Qg5 Qb1+ 30. Kg2 Qg6 0-1


[Site "https://www.chess.com"]

[Event "Titled Tuesday Blitz April 12 Early 2022"]
[White "Tan, Jun Ying"]
[Black "Jaskolka, Tomasz"]
[WhiteFideId "5710413"]
[BlackFideId "1170791"]
[WhiteElo "1827"]
[BlackElo "2073"]
[Result "1-0"]
[Round "07"]
[TimeControl "180+1"]
[Date "2022.04.13"]
[WhiteClock "0:00:12"]
[BlackClock "0:00:02"]

1. d4 Nf6 2. c4 e6 3. Nc3 Bb4 4. e3 O-O 5. Ne2 d6 6. a3 Bxc3+ 7. Nxc3 Nbd7 8. Be2 e5 9. O-O Re8 10. b4 b6 11. a4 Bb7 12. a5 Rb8 13. a6 Ba8 14. d5 Nf8 15. Nb5 c6 16. dxc6 Bxc6 17. Nxa7 Ba8 18. Qa4 Ne4 19. Nc6 Qg5 20. f4 Qg6 21. Bf3 Rbc8 22. b5 exf4 23. exf4 Bxc6 24. bxc6 Nc5 25. Qd1 Nfe6 26. Bb2 Nc7 27. a7 Nd3 28. Bd4 Nc5 29. Qb1 Qh6 30. Qxb6 Qxf4 31. Bxc5 dxc5 32. Qxc5 Re5 33. Qd6 Qe3+ 34. Kh1 Re7 35. Bg4 Rce8 36. Bd7 Rd8 37. Qxc7 Rde8 38. a8=Q Qf2 39. Qxe8+ Rxe8 40. Rxf2 1-0


[Site "https://www.chess.com"]

[Event "Titled Tuesday Blitz April 12 Early 2022"]
[White "Tanenbaum, Zachary"]
[Black "Potapova, Margarita"]
[WhiteFideId "2060850"]
[BlackFideId "14126869"]
[WhiteElo "2741"]
[BlackElo "2595"]
[Result "1-0"]
[Round "07"]
[TimeControl "180+1"]
[Date "2022.04.13"]
[WhiteClock "0:00:33"]
[BlackClock "0:00:07"]

1. e4 c5 2. Nf3 d6 3. d4 cxd4 4. Nxd4 Nf6 5. Nc3 a6 6. Be3 e5 7. Nb3 Be6 8. h3 Be7 9. f4 exf4 10. Bxf4 Nc6 11. Qe2 Ne5 12. O-O-O Nfd7 13. Kb1 Rc8 14. Qe3 O-O 15. g4 h6 16. Rg1 Qb6 17. Qg3 Bh4 18. Qg2 Qf2 19. Qxf2 Bxf2 20. Rg2 Bh4 21. Rxd6 Be7 22. Rd1 Bf6 23. g5 hxg5 24. Bxg5 Bxg5 25. Rxg5 f6 26. Rg2 Bxh3 27. Rgd2 Bxf1 28. Rxf1 Nb6 29. Nd5 Nxd5 30. exd5 g5 31. Nd4 g4 32. Nf5 Rcd8 33. b3 Kf7 34. c4 Rh8 35. c5 Nf3 36. Rd3 Ne5 37. Rdd1 Rdg8 38. Nd6+ Kg6 39. Nxb7 g3 40. d6 g2 41. Rg1 Kf7 42. d7 Nf3 43. d8=Q Rxd8 44. Nxd8+ Rxd8 45. Rxd8 Nxg1 46. Rd7+ Ke6 47. Rg7 Nf3 48. Rxg2 Nd4 49. Kb2 f5 50. Kc3 Ke5 51. Kc4 Nb5 52. b4 f4 53. a4 Nc7 54. b5 axb5+ 55. axb5 f3 56. Rf2 Ke4 57. b6 Na6 58. Kb5 Nb8 59. c6 Ke3 60. Rf1 1-0


[Site "https://www.chess.com"]

[Event "Titled Tuesday Blitz April 12 Early 2022"]
[White "Tari, Aryan"]
[Black "Kozak, Antoni"]
[WhiteFideId "1510045"]
[BlackFideId "21832030"]
[WhiteElo "2567"]
[BlackElo "2236"]
[Result "0-1"]
[Round "07"]
[TimeControl "180+1"]
[Date "2022.04.12"]
[WhiteClock "0:00:52"]
[BlackClock "0:00:27"]

1. b3 d5 2. Bb2 Bg4 3. Nf3 Bxf3 4. gxf3 e6 5. e3 Nf6 6. f4 g6 7. Nc3 Bg7 8. Qf3 c5 9. Bb5+ Nc6 10. Bxc6+ bxc6 11. O-O-O O-O 12. h4 h5 13. d3 Qa5 14. Kb1 Rab8 15. Na4 c4 16. dxc4 dxc4 17. Qxc6 Rfc8 18. Bc3 Qf5 19. Qa6 cxb3 20. axb3 Rxb3+ 21. Bb2 Qxc2+ 22. Ka1 Nd5 23. Rd4 Bxd4 24. exd4 Nb4 25. Qb7 Ra3+ 0-1


[Site "https://www.chess.com"]

[Event "Titled Tuesday Blitz April 12 Early 2022"]
[White "Timofeev, Artyom"]
[Black "Mikhailov, Viacheslav"]
[WhiteFideId "4140419"]
[BlackFideId "4187369"]
[WhiteElo "2594"]
[BlackElo "2381"]
[Result "0-1"]
[Round "07"]
[TimeControl "180+1"]
[Date "2022.04.12"]
[WhiteClock "0:00:12"]
[BlackClock "0:01:10"]

1. e4 d6 2. d4 Nf6 3. Nc3 g6 4. Bg5 Bg7 5. Qd2 O-O 6. O-O-O c6 7. Bh6 b5 8. Bxg7 Kxg7 9. Bd3 Qa5 10. Kb1 Be6 11. b3 Nbd7 12. h4 h5 13. Nf3 Bg4 14. e5 Nh7 15. Rhe1 Bxf3 16. gxf3 dxe5 17. dxe5 b4 18. Ne4 Nxe5 19. Qe3 Nxd3 20. Rxd3 Rad8 21. Red1 Nf6 22. Nxf6 exf6 23. Rxd8 Rxd8 24. Rxd8 Qxd8 25. Qxa7 g5 26. Qc5 Qd1+ 27. Kb2 Qxf3 28. Qxb4 Qxf2 29. a4 g4 30. Qa5 c5 31. Qd8 g3 32. a5 g2 33. a6 g1=Q 34. a7 Qd4+ 0-1


[Site "https://www.chess.com"]

[Event "Titled Tuesday Blitz April 12 Early 2022"]
[White "Tregubov, Pavel V."]
[Black "Manukian, Artak"]
[WhiteFideId "4115341"]
[BlackFideId "13301373"]
[WhiteElo "2341"]
[BlackElo "2345"]
[Result "1-0"]
[Round "07"]
[TimeControl "180+1"]
[Date "2022.04.13"]
[WhiteClock "0:02:50"]
[BlackClock "0:02:33"]

1. e4 c6 2. Nf3 d5 3. Nc3 dxe4 4. Nxe4 Nf6 5. Qe2 Nxe4 6. Qxe4 Nd7 7. Bc4 Nf6 8. Ne5 e6 9. Qf4 Bd6 10. d4 O-O 11. O-O Qc7 12. Re1 b5 13. Bd3 Bb7 14. Qh4 g6 15. Qxf6 1-0


[Site "https://www.chess.com"]

[Event "Titled Tuesday Blitz April 12 Early 2022"]
[White "Tsyhanchuk, Stanislav"]
[Black "Nozdrachev, Leonid"]
[WhiteFideId "13505130"]
[BlackFideId "24113433"]
[WhiteElo "2078"]
[BlackElo "2242"]
[Result "0-1"]
[Round "07"]
[TimeControl "180+1"]
[Date "2022.04.13"]
[WhiteClock "0:00:08"]
[BlackClock "0:00:26"]

1. e4 a6 2. d4 e6 3. Nf3 h5 4. Bd3 Be7 5. O-O g5 6. c4 g4 7. Ne1 b5 8. cxb5 axb5 9. Bxb5 Ba6 10. Bxa6 Nxa6 11. Nc3 Qb8 12. d5 g3 13. fxg3 h4 14. Qg4 Nf6 15. Qf3 hxg3 16. Qxg3 Qb4 17. dxe6 dxe6 18. e5 Bc5+ 19. Kh1 Nh5 20. Qf3 O-O-O 21. Bg5 Rdg8 22. Nd3 Rxg5 23. Nxb4 Ng3+ 24. Qxg3 Rxg3 25. Nxa6 Bb6 26. Na4 Bd4 27. Rxf7 Bxe5 28. Rf8+ Rxf8 29. hxg3 Bd4 0-1


[Site "https://www.chess.com"]

[Event "Titled Tuesday Blitz April 12 Early 2022"]
[White "Tuleyeva-Aketayeva, Dana"]
[Black "Osmonbekov, Talaibek"]
[WhiteFideId "13701932"]
[BlackFideId "2017253"]
[WhiteElo "1875"]
[BlackElo "2135"]
[Result "0-1"]
[Round "07"]
[TimeControl "180+1"]
[Date "2022.04.13"]
[WhiteClock "0:00:02"]
[BlackClock "0:00:26"]

1. d4 e6 2. Nf3 f5 3. g3 Nf6 4. Bg2 Be7 5. O-O O-O 6. c4 d6 7. Nc3 Ne4 8. Qc2 Nxc3 9. Qxc3 a5 10. c5 Nc6 11. Be3 Bf6 12. Qc4 d5 13. Qc3 g5 14. Ne5 Bxe5 15. dxe5 d4 16. Qd2 dxe3 17. Qxe3 f4 18. Qc3 Qd4 19. Qxd4 Nxd4 20. e3 Ne2+ 21. Kh1 f3 22. Bh3 h5 23. g4 h4 24. Rfe1 a4 25. Bf1 a3 26. b3 Ra5 27. Rac1 Nxc1 28. Rxc1 Bd7 29. b4 Ra4 30. Rb1 Bc6 31. b5 Bd5 32. Ra1 Rb4 33. Re1 Rb2 34. e4 Bxa2 35. Re3 Rb1 0-1


[Site "https://www.chess.com"]

[Event "Titled Tuesday Blitz April 12 Early 2022"]
[White "Vianello, Enrico"]
[Black "Czerw, Dawid"]
[WhiteFideId "810738"]
[BlackFideId "1145746"]
[WhiteElo "2270"]
[BlackElo "2125"]
[Result "0-1"]
[Round "07"]
[TimeControl "180+1"]
[Date "2022.04.13"]
[WhiteClock "0:00:32"]
[BlackClock "0:00:07"]

1. Nf3 c5 2. c4 Nc6 3. b3 Nf6 4. Bb2 e6 5. e3 Be7 6. Nc3 O-O 7. Be2 d5 8. cxd5 exd5 9. d4 Be6 10. O-O b6 11. Rc1 Rc8 12. dxc5 bxc5 13. Qc2 Qd7 14. Rfd1 Qb7 15. Qb1 Rfd8 16. Na4 Nb8 17. Bxf6 gxf6 18. Bd3 h6 19. Nh4 Nd7 20. Nf5 Bf8 21. Ng3 Ne5 22. Bf5 a5 23. Rd2 Qb4 24. Rdc2 c4 25. Bxe6 fxe6 26. Qb2 Rb8 27. f4 Nd7 28. Nh5 Kf7 29. Rc3 Qxa4 30. Qc2 cxb3 31. Qh7+ Ke8 32. Qg6+ Ke7 33. Qh7+ Kd6 34. axb3 Rxb3 35. Rc7 Qb5 36. f5 Rb1 37. Rxb1 Qxb1+ 38. Kf2 Qb2+ 39. Kg3 Kxc7 40. fxe6 Qe5+ 41. Nf4 Qxe3+ 42. Kg4 Qe5 43. Qc2+ Nc5 44. Kf3 Qe4+ 45. Qxe4 dxe4+ 46. Ke3 Bd6 47. Nd5+ Kc6 48. e7 Bxe7 49. Nxe7+ Kb5 50. g4 a4 51. h4 a3 52. g5 fxg5 53. hxg5 hxg5 0-1


[Site "https://www.chess.com"]

[Event "Titled Tuesday Blitz April 12 Early 2022"]
[White "Vlassov, Nikolai"]
[Black "Sapunov, Evgeny"]
[WhiteFideId "4103360"]
[BlackFideId "4126661"]
[WhiteElo "2611"]
[BlackElo "2758"]
[Result "1-0"]
[Round "07"]
[TimeControl "180+1"]
[Date "2022.04.13"]
[WhiteClock "0:02:56"]
[BlackClock "0:02:53"]

1. e4 c5 2. c3 Nf6 3. e5 Nd5 4. d4 cxd4 5. cxd4 d6 6. Bc4 e6 7. Nf3 Nc6 8. O-O Be7 9. Qe2 O-O 10. Qe4 b6 11. Bd3 g6 12. Bh6 Re8 13. Nc3 Nxc3 14. Qxc6 1-0


[Site "https://www.chess.com"]

[Event "Titled Tuesday Blitz April 12 Early 2022"]
[White "Vokarev, Sergey"]
[Black "Belenkaya, Dina"]
[WhiteFideId "4119711"]
[BlackFideId "24142654"]
[WhiteElo "2343"]
[BlackElo "2196"]
[Result "1-0"]
[Round "07"]
[TimeControl "180+1"]
[Date "2022.04.13"]
[WhiteClock "0:01:04"]
[BlackClock "0:00:01"]

1. e4 c6 2. d4 d5 3. Nd2 dxe4 4. Nxe4 Bf5 5. Nc5 Nd7 6. Bd3 Bxd3 7. Nxd3 Ngf6 8. Nf3 e6 9. O-O Bd6 10. c4 Qc7 11. Qe2 O-O 12. b3 c5 13. dxc5 Nxc5 14. Nxc5 Bxc5 15. Bb2 Qf4 16. g3 Qf5 17. Kg2 Rad8 18. Rad1 h5 19. Nh4 Qe4+ 20. Qf3 Qxf3+ 21. Nxf3 Ne4 22. Bd4 Bxd4 23. Rxd4 Rxd4 24. Nxd4 Rd8 25. Nf3 Nc3 26. Rc1 Ne4 27. Rc2 Kf8 28. Kf1 Ke7 29. Ke2 f6 30. Ke3 Nd6 31. c5 Nf5+ 32. Ke2 Rc8 33. h4 e5 34. Rc4 a6 35. b4 Ke6 36. a4 Kd5 37. Kd3 Ne7 38. Nd2 Rd8 39. Kc3 f5 40. Nb3 Kc6 41. Na5+ Kc7 42. b5 Nd5+ 43. Kc2 axb5 44. axb5 Ra8 45. b6+ Kc8 46. Ra4 Ra6 47. Kb3 Kb8 48. Nc6+ Kc8 49. Rxa6 bxa6 50. Nxe5 Kb7 51. Kc4 Ne7 52. f4 1-0


[Site "https://www.chess.com"]

[Event "Titled Tuesday Blitz April 12 Early 2022"]
[White "Vokhidov, Shamsiddin"]
[Black "Pichot, Alan"]
[WhiteFideId "14204223"]
[BlackFideId "110973"]
[WhiteElo "2611"]
[BlackElo "2579"]
[Result "0-1"]
[Round "07"]
[TimeControl "180+1"]
[Date "2022.04.12"]
[WhiteClock "0:00:03"]
[BlackClock "0:00:09"]

1. e4 c5 2. Nf3 e6 3. d4 cxd4 4. Nxd4 Nc6 5. Nc3 Qc7 6. Be3 a6 7. Qf3 Ne5 8. Qg3 h5 9. Bf4 d6 10. h4 Nf6 11. O-O-O Bd7 12. Kb1 b5 13. a3 Rb8 14. Nf3 Nfg4 15. Na2 a5 16. Be2 b4 17. axb4 axb4 18. Nxe5 dxe5 19. Bg5 Bc6 20. Bxg4 hxg4 21. Rhe1 f6 22. Bc1 b3 23. cxb3 Qb7 24. Qxg4 Kf7 25. Rd3 Ra8 26. h5 Qa6 27. Kc2 Qxa2 28. Qg6+ Kg8 29. h6 Be8 30. Qg4 Rc8+ 31. Kd1 Qb1 32. Qxe6+ Bf7 33. Qxc8 Qxd3+ 34. Bd2 Rxh6 35. Kc1 Bxb3 36. Bxh6 gxh6 37. Qg4+ Kf7 38. Qe2 Qxe2 39. Rxe2 Bc5 40. f3 Kg6 41. g4 Bd4 42. Rh2 Be3+ 43. Kb1 Bd1 44. Rh3 Bf4 45. b4 Be2 46. Kc2 Bf1 47. Rh1 Bg2 48. Re1 Bxf3 49. b5 Bxg4 50. Rg1 Kh5 51. b6 Bc8 52. Kd3 Ba6+ 53. Kc3 Kh4 54. Ra1 Bb7 55. Ra7 Bxe4 56. b7 Bxb7 57. Rxb7 Kg4 58. Kd3 h5 59. Ke2 h4 60. Kf2 h3 61. Rg7+ Bg5 62. Kg1 e4 63. Re7 e3 64. Rb7 f5 65. Rb4+ f4 66. Kh2 Bh4 67. Rb8 Bg3+ 68. Kg1 e2 69. Rg8+ Kf3 70. Re8 e1=Q+ 0-1


[Site "https://www.chess.com"]

[Event "Titled Tuesday Blitz April 12 Early 2022"]
[White "Vusatiuk, Vladimir"]
[Black "Stanisz, Patryk"]
[WhiteFideId "14118610"]
[BlackFideId "1123106"]
[WhiteElo "2157"]
[BlackElo "1833"]
[Result "0-1"]
[Round "07"]
[TimeControl "180+1"]
[Date "2022.04.13"]
[WhiteClock "0:00:06"]
[BlackClock "0:00:13"]

1. d4 d5 2. c4 c6 3. e3 Nf6 4. Nc3 e6 5. Nf3 Nbd7 6. Be2 dxc4 7. a4 Bb4 8. O-O b5 9. Bd2 Bxc3 10. Bxc3 a6 11. b3 cxb3 12. axb5 cxb5 13. Bxb5 O-O 14. Bc4 Bb7 15. Bxb3 Qb6 16. Ba4 Rfc8 17. Ba5 Qd6 18. Qe2 Bc6 19. Bxc6 Rxc6 20. Rfb1 h6 21. e4 Qf4 22. Re1 Rac8 23. Bd2 Qg4 24. h3 Qh5 25. Rxa6 Rc2 26. Ra5 Qg6 27. e5 Nd5 28. Qd1 N7b6 29. Ra1 Qd3 30. Rc1 R2c4 31. Rxc4 Nxc4 32. Be3 Qxd1 33. Rxd1 Ncxe3 34. fxe3 Nxe3 35. Rd3 Nf5 36. Kf2 g5 37. g4 Rc2+ 38. Kg1 Ne7 39. Nd2 Nd5 40. Ne4 Nf4 41. Nf6+ Kg7 42. Rb3 Nxh3+ 43. Rxh3 Rd2 44. Rc3 h5 45. Nxh5+ Kg6 46. Nf6 Rd1+ 47. Kf2 Rxd4 48. Kf3 Rf4+ 49. Ke3 Ra4 50. Rd3 Ra2 51. Rd8 Ra1 52. Ke4 Re1+ 53. Kd4 Rd1+ 54. Kc5 Rxd8 55. Kc6 Rd4 56. Kc5 Rf4 57. Kd6 Rxf6 58. exf6 Kxf6 0-1


[Site "https://www.chess.com"]

[Event "Titled Tuesday Blitz April 12 Early 2022"]
[White "Wagh Suyog"]
[Black "Marcziter, Dmitrii"]
[WhiteFideId "25071688"]
[BlackFideId "13900765"]
[WhiteElo "2736"]
[BlackElo "2379"]
[Result "1-0"]
[Round "07"]
[TimeControl "180+1"]
[Date "2022.04.13"]
[WhiteClock "0:00:54"]
[BlackClock "0:00:16"]

1. e4 c5 2. Nf3 a6 3. d4 cxd4 4. Nxd4 Nf6 5. Bd3 d6 6. O-O g6 7. c4 Bg7 8. Nc3 O-O 9. f3 Ng4 10. Nb3 Qb6+ 11. c5 dxc5 12. Nd5 Qd8 13. fxg4 b5 14. Bc2 c4 15. Nd2 e6 16. Nc3 b4 17. Ne2 Qb6+ 18. Kh1 c3 19. bxc3 Nc6 20. Rb1 Bb7 21. cxb4 Rad8 22. Qe1 Nxb4 23. Nf3 Nxc2 24. Rxb6 Nxe1 25. Rxb7 Nd3 26. Bg5 f6 27. Be3 Rc8 28. Nfd4 Rfe8 29. Rb6 Nc5 30. Ng3 e5 31. Nb3 Nxb3 32. axb3 Rc3 33. Bg1 Rd8 34. b4 Rd2 35. Rxa6 Rcc2 36. g5 f5 37. exf5 Rxg2 38. Ra8+ Kf7 39. Ra7+ Kg8 40. b5 e4 41. f6 Bf8 42. Nxe4 Rce2 43. f7+ Kg7 44. Bd4# 1-0


[Site "https://www.chess.com"]

[Event "Titled Tuesday Blitz April 12 Early 2022"]
[White "Xiong, Jeffery"]
[Black "Zierk, Steven"]
[WhiteFideId "2047640"]
[BlackFideId "2034255"]
[WhiteElo "2727"]
[BlackElo "2494"]
[Result "1-0"]
[Round "07"]
[TimeControl "180+1"]
[Date "2022.04.12"]
[WhiteClock "0:00:11"]
[BlackClock "0:00:12"]

1. e4 e5 2. Nf3 Nc6 3. Nc3 Nf6 4. d4 exd4 5. Nxd4 Nxe4 6. Nxe4 Qe7 7. Bd3 Nxd4 8. O-O Ne6 9. Re1 d5 10. Ng3 g6 11. f4 f5 12. Nxf5 gxf5 13. Bxf5 Qc5+ 14. Kh1 Be7 15. Qh5+ Kd8 16. Bxe6 c6 17. Be3 Qxc2 18. Bd4 Rf8 19. Bxc8 Rxc8 20. Qe5 Rc7 21. Bxa7 Kc8 22. Bb6 Rd7 23. Re2 Qg6 24. Qd4 Bd6 25. Rae1 Bc7 26. Qa4 Bb8 27. Qa8 h5 28. Ba7 Qd6 29. Re8+ Rd8 30. Bxb8 Qxb8 31. Qxb8+ Kxb8 32. Rxd8+ Rxd8 33. Kg1 Kc7 34. Kf2 Kd6 35. Kf3 Ra8 36. a3 c5 37. h3 c4 38. g4 hxg4+ 39. hxg4 b5 40. f5 b4 41. axb4 Rb8 42. Re6+ Kd7 43. Re2 Rxb4 44. f6 Rb6 45. g5 d4 46. f7 Rb8 47. g6 d3 48. Re4 d2 49. Ke2 1-0


[Site "https://www.chess.com"]

[Event "Titled Tuesday Blitz April 12 Early 2022"]
[White "Xu, Yi"]
[Black "Tasev, Dejan"]
[WhiteFideId "8605564"]
[BlackFideId "936618"]
[WhiteElo "2471"]
[BlackElo "2253"]
[Result "1-0"]
[Round "07"]
[TimeControl "180+1"]
[Date "2022.04.12"]
[WhiteClock "0:00:24"]
[BlackClock "0:00:23"]

1. e4 e5 2. Nf3 Nf6 3. d4 exd4 4. e5 Ne4 5. Qxd4 d5 6. exd6 Nxd6 7. Nc3 Nc6 8. Qf4 Be7 9. Bd3 O-O 10. Bd2 Bf6 11. O-O-O Be6 12. h4 Re8 13. Ng5 h6 14. Nxe6 Rxe6 15. Nd5 Be5 16. Qg4 Ne7 17. Ne3 Ng6 18. c3 Nf4 19. Bc2 h5 20. Qf3 Rf6 21. Nd5 Nxd5 22. Qxd5 Bf4 23. Qxh5 Rh6 24. Qf3 Bxd2+ 25. Rxd2 Qf6 26. Qxf6 Rxf6 27. Re2 Kf8 28. Rhe1 Re8 29. Rxe8+ Nxe8 30. Re2 Nd6 31. g3 Re6 32. Rxe6 fxe6 33. Bd3 Ke7 34. Kd2 Kf6 35. Ke3 e5 36. f4 exf4+ 37. Kxf4 Nf7 38. Be4 b6 39. Bd3 g5+ 40. hxg5+ Nxg5 41. Bf5 Nf7 42. g4 a5 43. Ke4 Ke7 44. Kd5 Kd8 45. c4 Ng5 46. c5 bxc5 47. Kxc5 Ke7 48. Kb5 Kd6 49. Kxa5 Kc6 50. Kb4 Kb6 51. Kc4 c6 52. Kd4 Kc7 53. Ke5 Kd8 54. Kf6 Ne4+ 55. Bxe4 1-0


[Site "https://www.chess.com"]

[Event "Titled Tuesday Blitz April 12 Early 2022"]
[White "Yanayt, Eugene"]
[Black "Myshakov, Fyodor"]
[WhiteFideId "2020165"]
[BlackFideId "14111284"]
[WhiteElo "2046"]
[BlackElo "2310"]
[Result "0-1"]
[Round "07"]
[TimeControl "180+1"]
[Date "2022.04.13"]
[WhiteClock "0:00:03"]
[BlackClock "0:01:24"]

1. d4 d5 2. c4 dxc4 3. Nf3 Nf6 4. e3 e6 5. Bxc4 c5 6. O-O a6 7. Qe2 b5 8. Bd3 c4 9. Bc2 Bb7 10. a4 Qb6 11. Rd1 Be7 12. Nbd2 O-O 13. e4 Nbd7 14. e5 Nd5 15. Ne4 Rfc8 16. Nfg5 Nf8 17. Qh5 g6 18. Qh6 Qd8 19. Ng3 b4 20. Nh5 Bf6 21. exf6 Qxf6 22. Nxf6+ Nxf6 23. Qh4 N8d7 24. Bf4 b3 25. Bb1 c3 26. bxc3 Rxc3 27. Be5 Rac8 28. Qh6 Rc1 29. Bd3 b2 30. Rb1 Rxd1+ 31. Rxd1 Rc1 32. Rf1 a5 33. Nxh7 Rxf1+ 34. Kxf1 Ba6 35. Nxf6+ Nxf6 36. Bxf6 b1=Q+ 37. Ke2 Qxd3+ 38. Ke1 Qe2# 0-1


[Site "https://www.chess.com"]

[Event "Titled Tuesday Blitz April 12 Early 2022"]
[White "Yang, Kaiqi"]
[Black "Zia, Tahsin Tajwar"]
[WhiteFideId "8604398"]
[BlackFideId "10211888"]
[WhiteElo "2373"]
[BlackElo "1800"]
[Result "0-1"]
[Round "07"]
[TimeControl "180+1"]
[Date "2022.04.13"]
[WhiteClock "0:00:04"]
[BlackClock "0:01:14"]

1. c4 Nf6 2. Nc3 e6 3. d4 d5 4. cxd5 exd5 5. Bg5 c6 6. e3 h6 7. Bh4 Be7 8. Bd3 O-O 9. Nge2 Re8 10. Qc2 a5 11. f3 Na6 12. a3 b5 13. O-O b4 14. Na4 c5 15. dxc5 Nd7 16. Bxe7 Qxe7 17. c6 Qxe3+ 18. Kh1 Ndc5 19. Nxc5 Nxc5 20. Bh7+ Kh8 21. axb4 Nb3 22. Rae1 Nd4 23. Nxd4 Qxe1 24. Rg1 Qxb4 25. Qd3 Ba6 26. Qf5 Qxd4 27. h3 Qe5 28. Qc2 d4 29. c7 Rac8 30. Bf5 Rxc7 31. Qb1 g6 32. Bd3 Bxd3 33. Qxd3 Qe3 34. Qb5 d3 35. Rd1 Rc1 36. Rxc1 Qxc1+ 37. Kh2 Qf4+ 38. Kg1 Re1+ 0-1


[Site "https://www.chess.com"]

[Event "Titled Tuesday Blitz April 12 Early 2022"]
[White "Yurovskykh, Oleksandr"]
[Black "Chernomordik, Pavel"]
[WhiteFideId "14134020"]
[BlackFideId "2804530"]
[WhiteElo "2292"]
[BlackElo "2220"]
[Result "1-0"]
[Round "07"]
[TimeControl "180+1"]
[Date "2022.04.13"]
[WhiteClock "0:00:03"]
[BlackClock "0:00:01"]

1. d4 g6 2. e4 Bg7 3. Nf3 d6 4. Nbd2 c5 5. c3 Qc7 6. Be2 Nc6 7. d5 Nb8 8. h3 Nf6 9. O-O O-O 10. Re1 e5 11. dxe6 Bxe6 12. Bc4 Nc6 13. Bxe6 fxe6 14. e5 dxe5 15. Ne4 b6 16. Qe2 Nh5 17. g3 h6 18. Nh4 Qf7 19. Qg4 g5 20. Ng2 Rad8 21. Be3 Ne7 22. Rad1 Nd5 23. c4 Ndf6 24. Nxf6+ Nxf6 25. Qe2 e4 26. Rxd8 Rxd8 27. Rd1 Rxd1+ 28. Qxd1 Qd7 29. Qxd7 Nxd7 30. b3 Ne5 31. Kf1 Nd3 32. Bd2 Kf7 33. Ke2 Ne5 34. Ne1 Nc6 35. Ke3 Bd4+ 36. Ke2 Kf6 37. Nc2 Ke5 38. a3 a5 39. a4 Bb2 40. Ne3 Nd4+ 41. Kd1 h5 42. g4 h4 43. Ng2 Nf3 44. Ne1 Nxd2 45. Kxd2 Ba3 46. Nc2 Bb2 47. Ke2 Kf4 48. Ne1 Bd4 49. Ng2+ Ke5 50. Ne1 Bc3 51. Ng2 Kd4 52. Ne3 Bb4 53. Nd1 e5 54. f3 exf3+ 55. Kxf3 e4+ 56. Ke2 Ba3 57. Ne3 Bc1 58. Nd5 Bf4 59. Nxb6 Kc3 60. Nd7 Kb4 61. Nf6 1-0


[Site "https://www.chess.com"]

[Event "Titled Tuesday Blitz April 12 Early 2022"]
[White "Zaksaite, Salomeja"]
[Black "Caputcuoglu, Zeki Berke"]
[WhiteFideId "12801496"]
[BlackFideId "34548610"]
[WhiteElo "1953"]
[BlackElo "1368"]
[Result "0-1"]
[Round "07"]
[TimeControl "180+1"]
[Date "2022.04.13"]
[WhiteClock "0:00:01"]
[BlackClock "0:00:06"]

1. e4 e5 2. Nf3 Nc6 3. Bc4 Bc5 4. d3 Nf6 5. O-O a6 6. Nbd2 d6 7. c3 Ba7 8. Bb3 h6 9. h3 g5 10. Nc4 g4 11. hxg4 Bxg4 12. Ne3 Bxe3 13. fxe3 Qe7 14. Qe1 h5 15. Qh4 Rh6 16. Bc2 O-O-O 17. d4 Rg8 18. Bd2 Rhg6 19. Ne1 d5 20. exd5 Nxd5 21. Qxe7 Ndxe7 22. Bxg6 fxg6 23. Nf3 e4 24. Ng5 Bf5 25. c4 Rd8 26. Rf4 Ne5 27. dxe5 Rxd2 28. Nxe4 Rxb2 29. Ng3 Bd3 30. Rd1 Bf5 31. Nxf5 Nxf5 32. e4 Rxg2+ 33. Kxg2 Ne3+ 34. Kf3 Nxd1 35. e6 Kd8 36. Rf7 h4 37. Rd7+ Ke8 38. Rxc7 h3 39. Rh7 Nb2 40. c5 Nc4 41. Rxb7 Nd2+ 42. Kf4 g5+ 43. Kxg5 Nxe4+ 44. Kf4 Nxc5 45. Rh7 Nxe6+ 46. Kf5 Nd4+ 0-1


[Site "https://www.chess.com"]

[Event "Titled Tuesday Blitz April 12 Early 2022"]
[White "Zanette, Edgard Vinicius"]
[Black "Kakulidis, Ellen"]
[WhiteFideId "2109263"]
[BlackFideId "1444972"]
[WhiteElo "2182"]
[BlackElo "1852"]
[Result "1-0"]
[Round "07"]
[TimeControl "180+1"]
[Date "2022.04.13"]
[WhiteClock "0:00:04"]
[BlackClock "0:00:06"]

1. e4 e5 2. Nf3 Nc6 3. Bb5 Nf6 4. d3 d6 5. O-O Be7 6. c3 Bd7 7. Re1 O-O 8. h3 Na5 9. Bxd7 Qxd7 10. Nbd2 c5 11. Nf1 Nc6 12. Ng3 g6 13. Bh6 Rfe8 14. Qd2 Bf8 15. Bxf8 Rxf8 16. Qh6 Ne7 17. Ng5 Kh8 18. Re3 Neg8 19. Qh4 h6 20. Rf3 Kg7 21. Nf5+ gxf5 22. Rxf5 Ne7 23. Rxf6 Kxf6 24. Nh7+ Kg7 25. Nf6 Qe6 26. Nh5+ Kg6 27. f4 f5 28. Rf1 Kf7 29. fxe5 Ng6 30. Qg3 f4 31. exd6 Qxd6 32. Qg4 Ke8 33. Ng7+ Kd8 34. Ne6+ Ke7 35. Ng7 Rf7 36. Nf5+ Kf8 37. Nxd6 Ne5 38. Nxf7 Nxf7 39. Qxf4 Rd8 40. Qxf7# 1-0


[Site "https://www.chess.com"]

[Event "Titled Tuesday Blitz April 12 Early 2022"]
[White "Zavgorodniy, Sergiy"]
[Black "Kobalia, Mikhail"]
[WhiteFideId "14110148"]
[BlackFideId "4119150"]
[WhiteElo "2420"]
[BlackElo "2667"]
[Result "0-1"]
[Round "07"]
[TimeControl "180+1"]
[Date "2022.04.12"]
[WhiteClock "0:00:05"]
[BlackClock "0:00:57"]

1. e4 c5 2. Nf3 e6 3. d3 Nc6 4. g3 g6 5. Bg5 Qb6 6. Nbd2 d5 7. exd5 exd5 8. Bg2 Be7 9. Bxe7 Ngxe7 10. b3 O-O 11. O-O Qc7 12. Re1 Bf5 13. Nh4 Be6 14. Ndf3 h6 15. Qd2 Kg7 16. Qc3+ Kh7 17. Qxc5 g5 18. c4 gxh4 19. Nxh4 dxc4 20. dxc4 Rad8 21. Qh5 Qa5 22. Qf3 Qd2 23. h3 Qg5 24. Qe4+ Kh8 25. Nf3 Qf6 26. Qc2 Bxh3 27. Bxh3 Qxf3 28. Re3 Qh5 29. Bg2 Nf5 30. Re4 Nfd4 31. Qb2 Kg8 32. Rae1 Nf3+ 33. Bxf3 Qxf3 34. Rf4 Qh5 35. Rh4 Qg6 36. Ree4 f5 0-1


[Site "https://www.chess.com"]